 Dungeon Crawl Stone Soup version 0.29-a0-823-gc37b1572da (webtiles) character file.

Game seed: 10920982082865144037

3798 iguanaiguana the Grappler (level 9, 0/79 HPs)
             Began as a Troll Earth Elementalist on July 9, 2022.
             Was a Priest of Cheibriados.
             Slain by Erica
             ... wielding a +1 scimitar of flaming
              (2 damage)
             ... on level 8 of the Dungeon.
             The game lasted 00:21:34 (7659 turns).

iguanaiguana the Grappler (TrEE)                    Turns: 7659, Time: 00:21:34

Health: 0/79       AC:  5    Str: 26    XL:     9   Next: 96%
Magic:  9/9        EV:  9    Int: 19    God:    Cheibriados [***...]
Gold:   488        SH: 15    Dex: 16    Spells: 7/10 levels left

rFire   . . .      SeeInvis .     - Unarmed
rCold   . . .      Faith    .   F - +0 kite shield
rNeg    + . .      Spirit   .   a - +0 robe
rPois   .          Reflect  +   (helmet restricted)
rElec   .          Harm     .   c - +0 cloak
rCorr   .          Rampage  .   (gloves unavailable)
Will    .....                   (boots unavailable)
Stlth   ++........              A - amulet of reflection
HPRegen 1.03/turn               i - ring of positive energy
MPRegen 0.11/turn               t - ring of flight

@: lethally poisoned (0 -> -3), flying, very slow
A: large, unfitting armour, claws 3, regeneration 1, shaggy fur 1, tough skin 1
a: Renounce Religion, Bend Time, Temporal Distortion


You were on level 8 of the Dungeon.
You worshipped Cheibriados.
Cheibriados was most pleased with you.
You visited 2 branches of the dungeon, and saw 9 of its levels.

You collected 488 gold pieces.

Inventory:

Missiles
 e - 55 stones
 n - 6 atropa-tipped darts
 s - 9 poisoned darts (quivered)
 w - 8 boomerangs
 J - 6 javelins
Armour
 a - a +0 robe (worn)
 c - a +0 cloak (worn)
 v - an orb of mayhem
 F - a +0 kite shield (worn)
Jewellery
 i - a ring of positive energy (left claw)
 t - a ring of flight (right claw)
 x - an amulet of guardian spirit
 A - an amulet of reflection (around neck)
Wands
 z - a wand of quicksilver (7)
 E - a wand of flame (6)
 M - a wand of charming (3)
Scrolls
 f - a scroll of enchant weapon
 g - a scroll of vulnerability
 l - a scroll of magic mapping {unknown}
 m - 2 scrolls of blinking {unknown}
 r - 2 scrolls of teleportation {@r3}
 y - a scroll of immolation {unknown}
 D - 2 scrolls of fear {unknown}
 G - a scroll of enchant armour {unknown}
 K - 2 scrolls of amnesia {unknown}
 L - a scroll of noise {unknown}
 N - a scroll of torment {unknown}
 O - a scroll of identify {@r1}
 P - a scroll of acquirement {unknown}
Potions
 b - 3 potions of magic
 d - 3 potions of attraction
 h - 2 potions of haste {@q4}
 j - a potion of mutation {unknown}
 o - a potion of ambrosia {unknown}
 q - 2 potions of berserk rage {unknown}
 u - 2 potions of flight {unknown}
 B - a potion of degeneration {unknown}
 C - 2 potions of lignification {unknown}
 H - a potion of heal wounds {unknown}
 I - 3 potions of might {unknown}


   Skills:
 - Level 2.0 Fighting
 - Level 1.6 Dodging
 - Level 1.0 Stealth
 - Level 7.1 Shields
 * Level 11.1 Unarmed Combat
 - Level 1.2 Spellcasting
 - Level 0.6 Transmutations
 - Level 4.0 Earth Magic


You had 7 spell levels left.
You knew the following spells:

 Your Spells              Type           Power      Damage    Failure   Level
a - Sandblast             Erth           32%        2d9       8%          1
b - Passwall              Tmut/Erth      7%         N/A       22%         2

Your spell library contained the following spells:

 Spells                   Type           Power      Damage    Failure   Level
 Stone Arrow              Conj/Erth      16%        3d8       45%         3
 Static Discharge         Conj/Air       1%         3-4/arc   50%         2
 Gell's Gravitas          Tloc           1%         N/A       75%         3
 Lesser Beckoning         Tloc           1%         N/A       75%         3
 Portal Projectile        Hex/Tloc       2%         N/A       75%         3
 Teleport Other           Tloc           1%         N/A       75%         3
 Tukima's Dance           Hex            1%         N/A       75%         3
 Petrify                  Tmut/Erth      9%         N/A       82%         4
 Blade Hands              Tmut           1%         N/A       100%        5
 Lightning Bolt           Conj/Air       0%         1d11      100%        5
 Dispersal                Tloc           0%         N/A       100%        6
 Maxwell's Capacitive Co  Air            0%         ∞         100%        8


Dungeon Overview and Level Annotations

Branches:
Dungeon (8/15) Zot: 40102  Temple (1/1) D:5 Zot: 8881
   Lair: D:8-11

Altars:
Ashenzari
Cheibriados
Dithmenos
Elyvilon
Fedhas
Hepliaklqana
Kikubaaqudgha
Makhleb
Nemelex Xobeh
Okawaru
Qazlal
Ru
Sif Muna
Trog
Uskayaw
Vehumet
Wu Jian
Xom
Yredelemnul
Zin
The Shining One

Annotations:
D:7 4 runed translucent doors
D:8 Erica


Innate Abilities, Weirdness & Mutations

You are too large for most types of armour.
You have claws for hands.
Your natural rate of healing is unusually fast.
You are covered in fur. (AC +1)
You have tough skin. (AC +1)


Message History

Cheibriados thoroughly appreciates the change of pace.
No target in view!
b - 3 potions of magic (gained 1)
s - 9 poisoned darts (gained 1)
You see here a +2 helmet.
Erica the Fiery-Tempered comes into view.
She is wielding a +1 scimitar of flaming.
Erica shouts!
Okay, then.
Erica mumbles some strange words.
Erica flickers and vanishes!
Deactivating autopickup; reactivate with Ctrl-A.
Aiming: Fastroot
Press: ? - help, Shift-Dir - straight line The roots erupt in riotous growth!
Something hits you! Something burns you.
You claw something!
You hear some strange, mumbled words.
You are confused.
You feel better. Something hits you! Something burns you.
Aiming: Fastroot
Press: ? - help, Shift-Dir - straight line The roots erupt in riotous growth!
The now-empty wand crumbles to dust.
Something hits you. Something burns you.
You barely miss something. Something hits you! Something burns you.
You barely miss something.
You hear some strange, mumbled words.
A bolt of poison appears from out of thin air!
The bolt of poison hits you!!
You are poisoned.
* * * LOW HITPOINT WARNING * * *
You scratch something.
You feel very sick. Something hits you!
* * * LOW HITPOINT WARNING * * *
Something burns you.
* * * LOW HITPOINT WARNING * * *
You claw something! Something hits you!!
* * * LOW HITPOINT WARNING * * *
Something burns you.
You die...

...... #.........
######
########......###
#.............#
#.######......#
#####. #...........#
......##...........#
..>................#
........########+###
.......@#
#+#....{..#
#.......+ #.......#
#.......# #.......#
######+##


There were no monsters in sight!

Vanquished Creatures
  Sigmund (D:4)
  3 wyverns (D:7)
  A wraith (D:7)
  A shadow (D:7)
  Eustachio (D:4)
  Edmund (D:6)
  An ice beast (D:7)
  A sky beast (D:6)
  6 ogres
  A centaur (D:6)
  A phantom (D:7)
  A bullfrog (D:7)
  3 necrophages
  3 gnoll sergeants
  2 scorpions
  2 killer bees (D:6)
  2 howler monkeys
  4 jellies
  7 hounds
  5 orc priests
  4 iguanas
  Terence (D:2)
  Natasha (thrice) (D:2)
  7 orc wizards
  Robin (D:4)
  4 gnolls
  8 adders
  3 white imps (D:7)
  3 ufetubi
  7 worms
  3 dart slugs
  13 orcs
  4 giant cockroaches
  14 goblins
  8 hobgoblins
  3 jackals (D:4)
  4 quokkas
  8 ball pythons
  2 bats
  2 frilled lizards (D:1)
  6 kobolds
  4 rats
159 creatures vanquished.

Vanquished Creatures (others)
  A black bear (D:7)
1 creature vanquished.

Grand Total: 160 creatures vanquished

Notes
Turn   | Place    | Note
-------+----------+-------------------------------------------
     0 | D:1      | iguanaiguana the Troll Earth Elementalist began the quest
                  | for the Orb.
     0 | D:1      | Reached XP level 1. HP: 16/16 MP: 1/1
   190 | D:1      | Reached skill level 1 in Unarmed Combat
   323 | D:1      | Reached XP level 2. HP: 21/24 MP: 2/2
   558 | D:1      | Reached skill level 2 in Unarmed Combat
  1195 | D:2      | Noticed Natasha
  1207 | D:2      | Killed Natasha
  1208 | D:2      | Reached skill level 3 in Unarmed Combat
  1208 | D:2      | Reached XP level 3. HP: 6/31 MP: 1/3
  1235 | D:2      | Noticed Terence
  1253 | D:2      | Killed Terence
  1254 | D:2      | Reached XP level 4. HP: 39/39 MP: 2/4
  1339 | D:2      | Noticed Natasha
  1352 | D:2      | Killed Natasha
  1353 | D:2      | Reached skill level 1 in Fighting
  2084 | D:2      | Found a faded altar of an unknown god.
  2108 | D:2      | Noticed Natasha
  2117 | D:2      | Killed Natasha
  2118 | D:2      | Reached XP level 5. HP: 49/49 MP: 3/5
  2876 | D:3      | Found a shimmering blue altar of Sif Muna.
  3041 | D:3      | Found a hide-covered altar of Uskayaw.
  3044 | D:3      | Found a white marble altar of Elyvilon.
  3044 | D:3      | Found an ornate altar of the Wu Jian Council.
  3051 | D:3      | Reached skill level 4 in Unarmed Combat
  3118 | D:3      | Reached XP level 6. HP: 50/57 MP: 3/6
  3562 | D:4      | Found a broken altar of Ashenzari.
  3626 | D:4      | Noticed Eustachio
  3631 | D:4      | Killed Eustachio
  3632 | D:4      | Reached skill level 5 in Unarmed Combat
  3755 | D:4      | Noticed Sigmund
  3770 | D:4      | Killed Sigmund
  3771 | D:4      | Reached skill level 6 in Unarmed Combat
  3771 | D:4      | Reached XP level 7. HP: 65/65 MP: 7/7
  4091 | D:4      | You are sucked into a shaft and drop 2 floors!
  4096 | D:5      | Entered Level 5 of the Dungeon
  4198 | D:4      | Noticed Robin
  4240 | D:4      | Killed Robin
  4308 | D:4      | Reached skill level 7 in Unarmed Combat
  4590 | D:4      | Reached skill level 1 in Shields
  4816 | D:5      | Found a staircase to the Ecumenical Temple.
  4828 | Temple   | Entered the Ecumenical Temple
  4889 | Temple   | Became a worshipper of Cheibriados the Contemplative
  4917 | Temple   | Reached XP level 8. HP: 72/72 MP: 8/8
  4941 | D:5      | Found a hazy altar of Hepliaklqana.
  4941 | D:5      | Found a shadowy altar of Dithmenos.
  5280 | D:6      | Noticed Edmund
  5286 | D:6      | Killed Edmund
  5426 | D:6      | Reached skill level 5 in Shields
  5770 | D:6      | Reached * piety under Cheibriados
  6147 | D:6      | Learned a level 2 spell: Passwall
  6181 | D:7      | Found a large runed translucent door.
  6181 | D:7      | Found a large runed translucent door.
  6203 | D:7      | Reached XP level 9. HP: 64/79 MP: 9/9
  6263 | D:7      | Noticed a troll
  6269 | D:7      | Found a large runed translucent door.
  6269 | D:7      | Found a large runed translucent door.
  6295 | D:7      | Reached skill level 8 in Unarmed Combat
  6462 | D:7      | Reached ** piety under Cheibriados
  6489 | D:7      | Reached skill level 9 in Unarmed Combat
  6680 | D:7      | Reached skill level 10 in Unarmed Combat
  7353 | D:7      | Reached skill level 11 in Unarmed Combat
  7601 | D:8      | Reached *** piety under Cheibriados
  7649 | D:8      | Noticed Erica
  7659 | D:8      | HP: 2/79 [something (18)]
  7659 | D:8      | Slain by Erica

Illustrated notes

Levels and vault maps discovered:
D:1:      shiori_arrival_elements, layout_loops_corners
D:2:      layout_basic, shapermc_ecumenical_altar_mp_vishouse,
          minmay_pentomino_t2, uniq_terence, uniq_natasha
D:3:      layout_basic, kennysheep_orc_sif_temple, grunt_temple_overflow_open
D:4:      layout_gridville, mainiacjoe_overflow_chevrons, uniq_eustachio,
          uniq_robin, uniq_sigmund
D:5:      layout_cave_pools, riverfiend_overflow_shadow_ancestor,
          minmay_temple_entry_trees
D:6:      layout_gridville, st_stairs_7, chequers_serial_rivers_marsh,
          hangedman_decor_points, uniq_edmund
D:7:      minmay_chambers_of_fours, layout_basic, minmay_hollow_rounded_squares
D:8:      layout_basic, uniq_erica
Temple:   zaba_magenta_temple

Skill      XL: |  1  2  3  4  5  6  7  8  9 |
---------------+----------------------------+-----
Unarmed Combat | 1 3 4 6 7 11 | 11.1
Fighting       | 1 2 |  2.0
Earth Magic    | 4 |  4.0
Shields        | 3 7 |  7.1
Dodging        | |  1.6
Stealth        | |  1.0
Spellcasting   | |  1.2
Transmutations | |  0.6

Action                   |  1- 3 |  4- 6 |  7- 9 || total
-------------------------+-------+-------+-------++-------
Melee: Unarmed           |    59 |   119 |   330 ||   508
       Punch             |     1 |     2 |     4 ||     7
Throw: Dart              |       |       |    11 ||    11
 Cast: Sandblast         |    11 |    41 |    21 ||    73
Evoke: Wand              |       |     2 |    10 ||    12
  Use: Scroll            |       |     3 |     1 ||     4
       Potion            |       |       |     5 ||     5
 Stab: Sleeping          |     1 |       |     1 ||     2
Armor: Robe              |    17 |    22 |    84 ||   123
Dodge: Dodged            |    29 |    55 |   121 ||   205
Block: Other             |       |       |    41 ||    41
       Kite shield       |       |       |   109 ||   109
       Reflection        |       |       |     3 ||     3

Table legend: (Time is in decaauts)
 A = Elapsed time spent in this place.
 B = Non-inter-level travel time spent in this place.
 C = Inter-level travel time spent in this place.
 D = Time resting spent in this place.
 E = Time spent auto-exploring this place.
 F = Levels seen in this place.
 G = Mean time per level.
                   A        B        C        D        E       F      G
               +--------+--------+--------+--------+--------+-----+--------+
         Total |   8432 |   8107 |    325 |    376 |   6363 |   9 |  936.9 |
       Dungeon |   8344 |   8040 |    304 |    376 |   6313 |   8 | 1043.0 |
        Temple |     88 |     67 |     21 |      0 |     50 |   1 |   88.0 |
               +--------+--------+--------+--------+--------+-----+--------+

Top non-repeatable levels by time:
     D:7: 1656 daAuts
     D:2: 1392 daAuts
     D:6: 1166 daAuts
     D:4: 1127 daAuts
     D:3: 1080 daAuts
     D:1: 987 daAuts
     D:5: 695 daAuts
     D:8: 237 daAuts
  Temple: 88 daAuts
